 Dungeon Crawl Stone Soup version 0.31-a0-16-g6d2539766c (webtiles) character file.

Game seed: 7968894218177832360

54834 BlueFish the Zephyrmancer (level 14, -24/126 HPs)
             Began as a Black Draconian Conjurer on May 8, 2023.
             Was a High Priest of Qazlal.
             Annihilated by an orc knight
             ... wielding a +2 great sword
              (41 damage)
             ... on level 2 of the Orcish Mines.
             The game lasted 00:59:41 (28520 turns).

BlueFish the Zephyrmancer (DrCj)                   Turns: 28520, Time: 00:59:42

Health: -24/126    AC: 12    Str: 10    XL:     14   Next: 36%
Magic:  15/26      EV: 29    Int: 24    God:    Qazlal [*****.]
Gold:   1448       SH: 10    Dex: 11    Spells: 7/29 levels left

rFire   . . .        I - +8 falchion of Causality {freeze, Will+ Int+2}
rCold   . . .        Y - +0 buckler
rNeg    . . .        (body armour unavailable)
rPois   +            b - +1 hat
rElec   +            U - scarf {shadows}
rCorr   .            A - +1 pair of gloves
SInv    .            K - +0 pair of boots
Will    ++...        C - amulet of the acrobat
Stlth   ++           d - +4 ring of slaying
HPRegen 0.41/turn    u - ring of poison resistance
MPRegen 0.20/turn

%: repel missiles, acrobat
@: sluggish, acrobatic, flying, studying Short Blades, very slow
A: breathe lightning, AC +8, unfitting armour, big wings, electricity
resistance, cold-blooded
a: Breathe Lightning, Renounce Religion, Upheaval, Elemental Force, Disaster
Area


You were on level 2 of the Orcish Mines.
You worshipped Qazlal.
Qazlal was extremely pleased with you.
You visited 4 branches of the dungeon, and saw 20 of its levels.

You collected 1448 gold pieces.

Inventory:

Hand Weapons
 I - the +8 falchion of Causality (weapon) {freeze, Will+ Int+2}
   (You took it off an orc on level 7 of the Dungeon)

   Int:       It affects your intelligence (+2).
   Will:      It increases your willpower.
Missiles
 B - 4 throwing nets
Armour
 b - a +1 hat (worn)
 A - a +1 pair of gloves (worn)
 K - a +0 pair of boots (worn)
 U - a scarf of shadows (worn)
 Y - a +0 buckler (worn)
 Z - a +0 kite shield
Jewellery
 c - a +5 ring of evasion
 d - a +4 ring of slaying (left hand)
 r - a +4 ring of slaying
 u - a ring of poison resistance (right hand)
 C - an amulet of the acrobat (around neck)
 D - a ring of protection from fire
 F - the ring "Sahi" {rF+ SInv}
   (You took it off a kobold brigand on level 6 of the Dungeon)

   [ring of see invisible]

   rF:        It protects you from fire.
   SInv:      It lets you see invisible.
Wands
 x - a wand of iceblast (23)
 E - a wand of flame (8)
 H - a wand of paralysis (26)
 M - a wand of light (13)
 O - a wand of mindburst (17)
 W - a wand of polymorph (5)
Scrolls
 f - 6 scrolls of teleportation
 h - 2 scrolls of enchant armour
 j - a scroll of magic mapping
 k - 2 scrolls of enchant weapon
 m - a scroll of torment
 n - 4 scrolls of fog
 q - 4 scrolls of vulnerability
 s - 3 scrolls of butterflies
 w - a scroll of brand weapon {unknown}
 y - 2 scrolls of immolation
 Q - 3 scrolls of fear
 T - a scroll of blinking
 V - a scroll of silence
 X - a scroll of amnesia
Potions
 a - a potion of magic
 e - 3 potions of berserk rage
 g - 4 potions of ambrosia
 i - 4 potions of heal wounds
 o - 7 potions of brilliance
 p - 10 potions of curing
 t - 4 potions of lignification
 z - a potion of haste
 J - 2 potions of mutation
 L - 3 potions of might
 N - a potion of invisibility
 P - a potion of resistance
 S - 2 potions of attraction
Miscellaneous
 R - a phial of floods


   Skills:
 * Level 12.0 Fighting
 + Level 5.8 Long Blades
 + Level 8.1 Dodging
 + Level 9.0 Stealth
 + Level 3.5 Shields
 + Level 8.2 Spellcasting
 + Level 9.8 Conjurations
 * Level 13.0 Air Magic
 + Level 6.0 Invocations
 + Level 6.5 Evocations


You had 7 spell levels left.
You knew the following spells:

 Your Spells              Type           Power      Damage    Failure   Level
a - Magic Dart            Conj           100%       1d8       1%          1
b - Searing Ray           Conj           100%       2d8       1%          2
c - Dazzling Flash        Conj/Hex       66%        N/A       3%          3
d - Shock                 Conj/Air       100%       1d9       1%          1
e - Swiftness             Air            64%        N/A       1%          3
f - Airstrike             Air            32%        2d(5-21)  1%          4
g - Stone Arrow           Conj/Erth      66%        3d11      3%          3
h - Arcjolt               Conj/Air       29%        1d39      2%          5

Your spell library contained the following spells:

 Spells                   Type           Power      Damage    Failure   Level
 Foxfire                  Conj/Fire      100%       2x1d9     1%          1
 Vhi's Electric Charge    Tloc/Air       82%        N/A       1%          3
 Summon Lightning Spire   Summ/Air       41%        N/A       6%          4
 Apportation              Tloc           18%        N/A       10%         1
 Necrotise                Necr           36%        1d5       10%         1
 Sandblast                Erth           18%        2d7       10%         1
 Summon Small Mammal      Summ           36%        N/A       10%         1
 Freezing Cloud           Conj/Ice/Air   23%        6-21      11%         5
 Flame Wave               Conj/Fire      33%        2d10      12%         4
 Fulminant Prism          Conj/Hex       16%        3d10      12%         4
 Iskenderun's Mystic Bla  Conj/Tloc      33%        2d8       12%         4
 Sticky Flame             Conj/Fire      33%        2d5       12%         4
 Passwall                 Tmut/Erth      7%         N/A       14%         2
 Scorch                   Fire           18%        2d6       14%         2
 Sublimation of Blood     Necr           9%         N/A       14%         2
 Wereblood                Tmut           9%         N/A       14%         2
 Call Canine Familiar     Summ           9%         N/A       28%         3
 Ignite Poison            Fire/Tmut/Pois 9%         N/A       28%         3
 Portal Projectile        Hex/Tloc       18%        N/A       28%         3
 Summon Guardian Golem    Hex/Summ       9%         N/A       28%         3
 Volatile Blastmotes      Fire/Tloc      18%        2d11      28%         3
 Leda's Liquefaction      Hex/Erth       4%         N/A       67%         4
 Olgreb's Toxic Radiance  Pois           9%         N/A       67%         4
 Petrify                  Tmut/Erth      9%         N/A       67%         4
 Plasma Beam              Fire/Air       20%        2x1d35    69%         6
 Starburst                Conj/Fire      16%        6d6       88%         6
 Metabolic Englaciation   Hex/Ice        4%         N/A       95%         5
 Statue Form              Tmut/Erth      6%         N/A       100%        6
 Summon Cactus Giant      Summ           4%         N/A       100%        6
 Malign Gateway           Summ/Tloc      4%         N/A       100%        7
 Summon Hydra             Summ           4%         N/A       100%        7
 Discord                  Hex            4%         N/A       100%        8
 Ignition                 Fire           4%         3d4       100%        8
 Chain Lightning          Conj/Air       29%        3d39      100%        9
 Fire Storm               Conj/Fire      16%        8d4       100%        9
 Shatter                  Erth           4%         3d8*      100%        9


Dungeon Overview and Level Annotations

Branches:
Dungeon (12/15)            Temple (1/1) D:4            Lair (5/5) D:11
  Swamp (0/4) Lair:2        Snake (0/4) Lair:3        Slime (0/5) Lair:4
    Orc (2/2) D:12
    Elf: Orc:2

Altars:
Ashenzari
Cheibriados
Dithmenos
Elyvilon
Fedhas
Gozag
Hepliaklqana
Kikubaaqudgha
Makhleb
Nemelex Xobeh
Okawaru
Qazlal
Ru
Sif Muna
Trog
Uskayaw
Vehumet
Wu Jian
Xom
Yredelemnul
Zin
The Shining One
Jiyva

Shops:
D:1 :   D:7 (

Annotations:
D:12 2 transporters, exclusion: orange crystal statue, Alirusan's ghost, journeyman MiBe
Lair:4 1 runed translucent door


Innate Abilities, Weirdness & Mutations

You can breathe wild blasts of lightning.
Your glossy black scales are hard. (AC +8)
You cannot fit into any form of body armour.
Your large and strong wings let you fly.
You are resistant to electric shocks. (rElec)
You are cold-blooded and may be slowed by cold attacks.


Message History

You start to feel a little slower.
You hear a shout!
You hear a shout!
You feel less protected from physical attacks.
You feel sluggish.
The orc knight shouts!
You hear a shout!
The orc no longer looks unusually strong.
The orc knight roars a battlecry!
The orcs go into a battle-frenzy!
You block the orc's attack.
The orc is engulfed in a thunderstorm.
You kill the orc!
Qazlal accepts your kill. The orc misses you.
The orc knight roars a battlecry!
The orc warlord goes into a battle-frenzy!
You block the orc's attack.
You see here a +0 dagger.
The orc warlord roars a battlecry!
The orc knight goes into a battle-frenzy!
You block the orc warlord's attack.
There is a stone staircase leading up, spattered with blood here.
The orc warlord attacks as you move away!
The orc warlord completely misses you.
You see here a +0 war axe.
The orc warlord is engulfed in blazing flames.
The orc warlord hits you with a +0 battleaxe!!
* * * LOW HITPOINT WARNING * * *
The orc warlord is engulfed in blazing flames.
The orc warlord misses you. You block the orc's attack.
The orc attacks as you move away! You block the orc's attack.
The orc is engulfed in blazing flames.
You kill the orc!
Qazlal accepts your kill.
The orc warlord is engulfed in blazing flames.
The orc attacks as you move away! The orc barely misses you.
You block the orc knight's attack.
The orc knight hits you with a +2 great sword!!!
You die...

#.[.[.......##
#####[.........##
##..#))).........##
#...[[.......).)..##
#...)[[.......[.<..##
#[[[)....##...o.°)°§##
..[))[.#######.oo..○^#
.[.[..o# ##..ooo..##
.......#####...○@.§##
##.#...o#.........##
#.##.........☼☼.##
###...........###
##.........##
##........#
#........####
#...........##
...............#


You could see an orc warlord (strong), 2 orc knights, an orc warrior (strong)
and 2 orcs.

Vanquished Creatures
  Gastronok (Orc:1)
  A dire elephant (Lair:5)
  Harold (Lair:2)
  2 hydras (Lair:2)
  A catoblepas (Lair:4)
  4 two-headed ogres
  12 death yaks
  A deep troll shaman (Lair:5)
  Pikel (D:5)
  2 orc knights (Orc:2)
  2 cyclopes
  2 manticores
  6 black mambas
  9 elephants
  10 cane toads
  9 komodo dragons
  2 rime drakes
  14 trolls
  2 polar bears
  3 blink frogs (Lair:2)
  Grinder (D:6)
  Prince Ribbit (D:7)
  A slime creature (D:7)
  2 wraiths (D:12)
  45 yaks
  3 vampires
  2 shadows
  8 wyverns
  A basilisk (Lair:2)
  Grum (D:9)
  Eustachio (D:5)
  3 steam dragons
  2 vampire mosquitoes (D:12)
  3 wargs
  3 nagas (Lair:3)
  2 acid dragons
  15 water moccasins
  Duvessa (D:7)
  24 orc warriors
  3 ice beasts
  2 black bears
  4 sky beasts
  4 centaurs
  28 wolves
  5 ogres
  4 lemures (D:5)
  3 phantoms
  3 kobold brigands
  9 bullfrogs
  3 gnoll sergeants
  4 scorpions
  11 wights
  Dowan (D:7)
  13 killer bees
  2 electric eels
  11 howler monkeys
  6 jellies
  4 crimson imps (D:10)
  2 gnoll boudas (D:6)
  7 hounds
  An orc priest (D:9)
  4 iguanas
  12 orc wizards
  30 gnolls
  3 adders
  3 shadow imps
  2 white imps (D:7)
  4 ufetubi
  4 worms
  2 dart slugs
  71 orcs
  4 endoplasms
  5 giant cockroaches
  4 goblins
  8 hobgoblins
  2 jackals (D:1)
  4 quokkas (D:2)
  10 ball pythons
  5 bats
  6 frilled lizards
  13 kobolds
  5 rats
535 creatures vanquished.

Vanquished Creatures (others)
  An orc wizard (D:8)
  A butterfly (D:12)
2 creatures vanquished.

Grand Total: 537 creatures vanquished

Notes
Turn   | Place    | Note
-------+----------+-------------------------------------------
     0 | D:1      | BlueFish the Draconian Conjurer began the quest for the
                  | Orb.
     0 | D:1      | Reached XP level 1. HP: 14/14 MP: 3/3
    76 | D:1      | Reached XP level 2. HP: 6/20 MP: 1/5
   482 | D:1      | Learned a level 2 spell: Searing Ray
   669 | D:1      | Reached XP level 3. HP: 26/26 MP: 3/6
   832 | D:1      | Found Haut's Book Shop.
  1953 | D:2      | Reached XP level 4. HP: 33/33 MP: 4/7
  1957 | D:2      | Learned a level 3 spell: Dazzling Flash
  2843 | D:3      | Found an ornate altar of the Wu Jian Council.
  2932 | D:3      | Got Kadujeit's Reference Book on Attendants
  3197 | D:4      | Reached XP level 5. HP: 38/38 MP: 2/9
  3709 | D:4      | Reached skill level 5 in Conjurations
  3709 | D:4      | Reached XP level 6. HP: 42/45 MP: 3/10
  4095 | D:4      | Found a blossoming altar of Fedhas.
  4106 | D:4      | Found a staircase to the Ecumenical Temple.
  4373 | D:5      | Entered Level 5 of the Dungeon
  4445 | D:5      | Noticed a steam dragon
  4602 | D:5      | Your scales start taking on a glossy black colour.
  4602 | D:5      | Reached XP level 7. HP: 50/50 MP: 2/12
  4602 | D:5      | Gained mutation: You are resistant to electric shocks.
                  | (rElec) [Black Draconian growth]
  4604 | D:5      | Learned a level 1 spell: Shock
  4636 | Temple   | Entered the Ecumenical Temple
  5089 | D:5      | Killed a steam dragon
  5090 | D:5      | Reached skill level 1 in Fighting
  5090 | D:5      | Reached skill level 1 in Air Magic
  5217 | D:5      | Found a radiant altar of Vehumet.
  5240 | D:5      | Noticed Eustachio
  5407 | D:4      | Upgraded the game from 0.31-a0-14-gc80a10f4b6 to
                  | 0.31-a0-16-g6d2539766c
  5545 | D:5      | Killed Eustachio
  5546 | D:5      | Reached skill level 2 in Air Magic
  5589 | D:5      | Reached XP level 8. HP: 46/62 MP: 3/14
  5687 | D:5      | Learned a level 3 spell: Swiftness
  5692 | D:5      | Learned a level 4 spell: Airstrike
  5968 | D:5      | Noticed Pikel
  6058 | D:5      | Killed Pikel
  6059 | D:5      | Reached skill level 4 in Air Magic
  6236 | D:6      | Reached skill level 5 in Stealth
  6779 | D:6      | Reached skill level 5 in Air Magic
  7005 | D:6      | Reached XP level 9. HP: 72/72 MP: 6/16
  7369 | D:6      | Noticed Grinder
  7380 | D:6      | Killed Grinder
  7381 | D:6      | Reached skill level 5 in Fighting
  7381 | D:6      | Reached skill level 5 in Spellcasting
  7533 | D:6      | Reached skill level 5 in Dodging
  7716 | D:7      | Noticed Prince Ribbit
  7723 | D:6      | Reached skill level 6 in Air Magic
  7943 | D:7      | Noticed Duvessa
  7961 | D:7      | Noticed Dowan
  7962 | D:7      | Killed Duvessa
  8062 | D:7      | Noticed a troll
  8064 | D:7      | Killed Dowan
  8095 | D:7      | Noticed a troll
  8136 | D:6      | Killed a troll
  8366 | D:7      | Reached skill level 7 in Air Magic
  8489 | D:7      | Identified the +4 falchion "Xeis" {protect, Dex+4}
  8489 | D:7      | Identified the ring "Sahi" {rF+ SInv}
  8492 | D:7      | Killed Prince Ribbit
  8493 | D:7      | Identified the +8 falchion of Causality {freeze, Will+
                  | Int+2}
  8572 | D:7      | Noticed a troll
  8578 | D:6      | Reached XP level 10. HP: 47/84 MP: 14/18
  8936 | D:7      | Noticed a manticore
  8968 | D:7      | Noticed a two-headed ogre
  8987 | D:7      | Killed a two-headed ogre
  9046 | D:7      | Killed a manticore
  9047 | D:7      | Reached skill level 8 in Air Magic
  9047 | D:7      | Reached skill level 1 in Evocations
  9214 | D:7      | Found Mutakip's Antique Weapon Shop.
  9446 | D:7      | Learned a level 3 spell: Stone Arrow
  9502 | D:7      | Noticed a cyclops
  9666 | D:7      | Identified the staff of fire "Tazxoakk" {rElec rF+}
  9671 | D:7      | Got Sif Muna's Dissertation on Flames and the Birds
  9724 | D:7      | Found a bloodstained altar of Trog.
  9805 | D:7      | Identified the +0 chain mail of the Echidna {-Cast rC++
                  | Regen+ Dex+2}
 10043 | D:7      | Identified the +1 short sword of Bloodstone {pain, Str+5}
 10195 | D:7      | Killed a cyclops
 10196 | D:7      | Reached skill level 1 in Long Blades
 10831 | D:8      | Found a stormy altar of Qazlal.
 10839 | D:8      | Became a worshipper of Qazlal Stormbringer
 11199 | D:8      | Found a hide-covered altar of Uskayaw.
 11256 | D:8      | Reached XP level 11. HP: 94/94 MP: 14/20
 11741 | D:8      | Reached skill level 9 in Air Magic
 11743 | D:8      | Reached skill level 1 in Invocations
 11878 | D:8      | Reached * piety under Qazlal
 12406 | D:9      | Found a glowing silver altar of Zin.
 12461 | D:9      | Found a sparkling altar of Nemelex Xobeh.
 12864 | D:9      | Found a shimmering blue altar of Sif Muna.
 13096 | D:9      | Noticed Grum
 13102 | D:9      | Killed Grum
 13357 | D:9      | Reached ** piety under Qazlal
 14136 | D:10     | Entered Level 10 of the Dungeon
 14480 | D:10     | Found a shimmering altar of Xom.
 14771 | D:10     | Learned a level 5 spell: Arcjolt
 15375 | D:10     | Found a burning altar of Makhleb.
 15433 | D:11     | Reached skill level 10 in Air Magic
 15466 | D:11     | Noticed a two-headed ogre
 15519 | D:11     | Reached *** piety under Qazlal
 15607 | D:10     | Killed a two-headed ogre
 16004 | D:11     | Reached XP level 12. HP: 96/105 MP: 4/22
 16395 | D:11     | Found a staircase to the Lair.
 16562 | Lair:1   | Entered Level 1 of the Lair of Beasts
 17355 | Lair:1   | Reached skill level 10 in Fighting
 17688 | Lair:2   | Noticed a five-headed hydra
 17693 | Lair:1   | Reached **** piety under Qazlal
 17695 | Lair:1   | Reached skill level 11 in Air Magic
 18141 | Lair:2   | Noticed Harold
 18236 | Lair:2   | Killed Harold
 18306 | Lair:2   | Noticed a seven-headed hydra
 18419 | Lair:2   | Killed a five-headed hydra
 18426 | Lair:2   | Reached skill level 5 in Evocations
 18602 | Lair:2   | Killed a seven-headed hydra
 18818 | Lair:2   | Reached XP level 13. HP: 114/114 MP: 11/24
 18930 | Lair:2   | Found a staircase to the Swamp.
 20887 | Lair:3   | Found a staircase to the Snake Pit.
 21176 | Lair:3   | Reached skill level 1 in Shields
 21464 | Lair:3   | Found a snail-covered altar of Cheibriados.
 21479 | Lair:3   | Reached skill level 5 in Invocations
 21903 | Lair:4   | Reached skill level 12 in Air Magic
 22315 | Lair:4   | Reached skill level 5 in Long Blades
 22763 | Lair:4   | Found a runed translucent door.
 22962 | Lair:4   | Found a viscous altar of Jiyva.
 22964 | Lair:4   | Found a staircase to the Slime Pits.
 23321 | Lair:5   | Entered Level 5 of the Lair of Beasts
 25445 | Lair:5   | Gained mutation: Your large and strong wings let you fly.
                  | [Black Draconian growth]
 25445 | Lair:5   | Reached XP level 14. HP: 125/125 MP: 14/25
 25701 | Lair:5   | Identified the +3 longbow of the Doomed God {flame, rPois
                  | Will+ Dex+4}
 27222 | D:12     | Found a transporter.
 27227 | D:12     | Noticed Alirusan's ghost (journeyman MiBe)
 27238 | D:12     | Identified the staff of fire "Muptey" {rF+ rC+ rCorr Dex+2}
 27296 | D:12     | Found a transporter.
 27388 | D:12     | Found a white marble altar of Elyvilon.
 27413 | D:12     | Found a staircase to the Orcish Mines.
 27521 | Orc:1    | Entered Level 1 of the Orcish Mines
 27691 | Orc:2    | Entered Level 2 of the Orcish Mines
 27717 | Orc:1    | Noticed Gastronok
 27729 | Orc:1    | Killed Gastronok
 27961 | Orc:2    | Reached ***** piety under Qazlal
 28187 | Orc:2    | Reached skill level 13 in Air Magic
 28329 | Orc:2    | Noticed an orc warlord
 28520 | Orc:2    | Annihilated by an orc knight

Illustrated notes

Levels and vault maps discovered:
D:1:      minmay_arrival_diagonal_passages, layout_basic, serial_shops,
          nicolae_shop_crystal, st_stairs_13, minmay_pentomino_z4
D:2:      layout_basic, st_stairs_9
D:3:      layout_basic, mainiacjoe_overflow_six_doors_small
D:4:      layout_basic, fedhas_altar_2, minmay_temple_entry_glass
D:5:      layout_cave_pools, nicolae_vehumet_radiance, uniq_pikel,
          uniq_eustachio
D:6:      layout_cave_pools, uniq_grinder
D:7:      minmay_the_grid_octo_tiled_squarecenter [minmay_the_grid_octo_focus,
          minmay_the_grid_octo_pinwheel, minmay_the_grid_octo_concentric,
          minmay_the_grid_octo_fat_diamond,
          minmay_the_grid_square_5x5_megaprize_crossed,
          minmay_the_grid_square_5x5_inner_i, minmay_the_grid_square_5x5_c,
          minmay_the_grid_square_5x5_two_walls_b,
          minmay_the_grid_square_5x5_detours], layout_rooms,
          mainiacjoe_overflow_alcove_4, serial_shops, shop,
          minmay_manual_monstrance, uniq_prince_ribbit1, uniq_duvessa
D:8:      layout_loops_cross, nicolae_qazlal_beasts_of_the_sky,
          nicolae_uskayaw_dance_hall, dreamdust_wishing_well,
          kennysheep_generic_room_6
D:9:      layout_stronghold, jmf_multi_god_temple, general_overflow_altar,
          serial_column_ruins, column_ruins_hut_ruined, column_ruins_grid_3,
          column_ruins_grid_3, column_ruins_open_small, uniq_grum
D:10:     layout_big_octagon, led_xom_imps, kennysheep_little_box
D:11:     layout_rooms, erik_lair_island, eino_small_chamber_without_monster
D:12:     layout_gridville, orc_0_dummy, gammafunk_ghost_mausoleum,
          kennysheep_nub, minivault_16, nicolae_elyvilon_peaceful_grove
Temple:   nicolae_temple_bog_church
Lair:1:   layout_cave_shapes, grunt_megastairs_3
Lair:2:   layout_regular_city, swamp_mist_pool, grunt_megastairs_2,
          serial_bayou_shore_b, lemuel_fruit_tree, uniq_harold
Lair:3:   layout_cave_pods, nicolae_snake_entry_squirm, basic_altar,
          eino_small_chamber_without_monster, serial_bayou_shore_a,
          infiniplex_staircase_pool
Lair:4:   layout_long_grid, slime_entry_2, gauntlet_entry_generic,
          grunt_megastairs_5
Lair:5:   grunt_lair_end_beastmaster, layout_regular_city,
          nicolae_quartered_pool_little
Orc:1:    layout_diamond_mine, gammafunk_ghost_necromancy, uniq_erolcha,
          uniq_gastronok
Orc:2:    st_orc_town, layout_diamond_mine

Skill      XL: |  1  2  3  4  5  6  7  8  9 10 11 12 13 14 |
---------------+-------------------------------------------+-----
Dodging        | 2 3 4 5 6 7 8 |  8.1
Stealth        | 2 3 4 5 6 7 8 9 |  9.0
Spellcasting   | 3 4 5 6 7 8 |  8.2
Conjurations   | 5 6 7 8 9 |  9.8
Fighting       | 2 4 6 8 9 10 11 12 | 12.0
Air Magic      | 2 5 7 8 10 11 12 13 | 13.0
Evocations     | 2 3 5 6 |  6.5
Long Blades    | 1 3 4 5 |  5.8
Invocations    | 2 4 5 6 |  6.0
Shields        | 2 3 |  3.5

Action                     |  1- 3 |  4- 6 |  7- 9 | 10-12 | 13-15 || total
---------------------------+-------+-------+-------+-------+-------++-------
  Melee: Unarmed           |     4 |       |       |       |       ||     4
         Tailslap          |     2 |     3 |     9 |    30 |    35 ||    79
         Whip              |     1 |       |       |       |       ||     1
         Dagger            |     2 |    19 |    71 |       |       ||    92
         Punch             |       |       |     1 |     3 |       ||     4
         Falchion          |       |       |       |   227 |   181 ||   408
   Cast: Magic Dart        |    87 |   111 |    61 |   170 |    57 ||   486
         Searing Ray       |       |    10 |    26 |    24 |     3 ||    63
         Shock             |       |       |     8 |       |       ||     8
         Dazzling Flash    |       |       |     7 |     8 |       ||    15
         Airstrike         |       |       |    31 |    68 |   116 ||   215
         Stone Arrow       |       |       |       |    73 |    56 ||   129
         Swiftness         |       |       |       |     1 |     2 ||     3
         Arcjolt           |       |       |       |    22 |    25 ||    47
 Invoke: Upheaval          |       |       |       |     3 |       ||     3
Ability: Breathe Lightning |       |       |    25 |    11 |     6 ||    42
  Evoke: Wand              |       |       |       |     3 |       ||     3
    Use: Scroll            |       |     6 |       |     5 |    16 ||    27
         Potion            |       |       |     1 |     2 |     3 ||     6
   Stab: Invisible         |       |       |     1 |     3 |       ||     4
         Petrified         |       |       |       |       |     1 ||     1
 Armour: Skin              |     1 |     9 |    56 |   133 |    69 ||   268
  Dodge: Dodged            |     3 |    21 |   128 |   322 |   173 ||   647
         Repelled          |       |       |       |       |     1 ||     1
  Block: Other             |       |       |       |    39 |       ||    39
         Buckler           |       |       |       |       |   140 ||   140

Table legend: (Time is in decaauts)
 A = Elapsed time spent in this place.
 B = Non-inter-level travel time spent in this place.
 C = Inter-level travel time spent in this place.
 D = Time resting spent in this place.
 E = Time spent auto-exploring this place.
 F = Levels seen in this place.
 G = Mean time per level.
                   A        B        C        D        E       F      G
               +--------+--------+--------+--------+--------+-----+--------+
         Total |  28663 |  26795 |   1868 |   2903 |  20103 |  20 | 1433.2 |
       Dungeon |  18607 |  17251 |   1356 |   1690 |  13067 |  12 | 1550.6 |
        Temple |    204 |    194 |     10 |      0 |    152 |   1 |  204.0 |
          Lair |   8849 |   8357 |    492 |   1098 |   6266 |   5 | 1769.8 |
  Orcish Mines |   1002 |    993 |      9 |    115 |    618 |   2 |  501.0 |
               +--------+--------+--------+--------+--------+-----+--------+

Top non-repeatable levels by time:
  Lair:5: 2255 daAuts
     D:7: 2237 daAuts
     D:6: 2179 daAuts
     D:9: 2109 daAuts
  Lair:3: 2069 daAuts
     D:4: 1751 daAuts
  Lair:1: 1736 daAuts
    D:10: 1652 daAuts
  Lair:4: 1558 daAuts
    D:11: 1548 daAuts
     D:8: 1454 daAuts
     D:1: 1398 daAuts
  Lair:2: 1228 daAuts
    D:12: 1221 daAuts
     D:5: 1208 daAuts
